 Dungeon Crawl Stone Soup version 0.29-a0-275-g389c0b56f3 (webtiles) character file.

Game seed: 4048774824718450297

2895 Crownlay the Thaumaturge (level 9, -2/62 HPs)
             Began as a Green Draconian Conjurer on Mar 12, 2022.
             Was a Follower of Vehumet.
             Slain by an orc warrior
             ... wielding a +0 war axe
              (6 damage)
             ... on level 8 of the Dungeon.
             The game lasted 00:13:07 (10799 turns).

Crownlay the Thaumaturge (DrCj)                    Turns: 10799, Time: 00:13:08

Health: -2/62      AC:  8    Str: 10    XL:     9   Next: 49%
Magic:  1/23       EV: 12    Int: 26    God:    Vehumet [*.....]
Gold:   468        SH:  0    Dex:  9    Spells: 25/28 levels left

rFire   . . .      SeeInvis .   r - +7 dagger of Buhisy {holy, Contam rN+++ Int+3 Stlth+}
rCold   + . .      Faith    .   (no shield)
rNeg    + + +      Spirit   .   (body armour unavailable)
rPois   +          Reflect  .   (helmet restricted)
rElec   .          Harm     .   s - +0 cloak
rCorr   .          Rampage  .   (no gloves)
Will    .....                   (no boots)
Stlth   +++.......              (no amulet)
HPRegen 0.20/turn               k - ring of protection from cold
MPRegen 0.18/turn               h - ring of flight

@: flying
A: breathe noxious fumes, AC +7, unfitting armour, poison resistance,
cold-blooded
a: Breathe Noxious Fumes, Renounce Religion


You were on level 8 of the Dungeon.
You worshipped Vehumet.
Vehumet was aware of your devotion.
You visited 2 branches of the dungeon, and saw 9 of its levels.

You collected 468 gold pieces.

Inventory:

Hand Weapons
 r - the +7 dagger of Buhisy (weapon) {holy, Contam rN+++ Int+3 Stlth+}
   (You found it on level 3 of the Dungeon)

   It has been blessed by the Shining One to cause great damage to the undead
   and demons.
   Int:       It affects your intelligence (+3).
   rN:        It renders you almost immune to negative energy.
   Contam:    It causes magical contamination when unequipped.
   Stlth:     It makes you more stealthy.
Armour
 s - a +0 cloak (worn)
Jewellery
 h - a ring of flight (right hand)
 j - a +6 ring of dexterity
 k - a ring of protection from cold (left hand)
 u - a ring of magical power
 z - an amulet of regeneration
Wands
 o - a wand of iceblast (9)
Scrolls
 b - 3 scrolls of enchant armour
 c - 2 scrolls of magic mapping {unknown}
 d - a scroll of vulnerability {unknown}
 f - a scroll of noise {unknown}
 g - 3 scrolls of amnesia
 l - 2 scrolls of acquirement {unknown}
 m - a scroll of fear
 v - 3 scrolls of teleportation
 w - a scroll of fog {unknown}
 y - a scroll of holy word {unknown}
Potions
 a - a potion of magic
 e - 4 potions of resistance {unknown}
 i - 5 potions of curing {unknown}
 n - 3 potions of cancellation {unknown}
 p - a potion of haste {unknown}
 q - 3 potions of lignification {unknown}
 t - 3 potions of heal wounds {unknown}
 x - 3 potions of brilliance {unknown}
 A - a potion of berserk rage {unknown}
 B - a potion of mutation {unknown}
 C - a potion of might {unknown}


   Skills:
 - Level 1.7 Dodging
 - Level 1.7 Stealth
 * Level 10.1 Spellcasting
 + Level 8.6 Conjurations


You had 25 spell levels left.
You knew the following spells:

 Your Spells              Type           Power      Damage    Failure   Level
a - Magic Dart            Conj           100%       1d8       1%          1
b - Searing Ray           Conj           100%       2d8       1%          2

Your spell library contained the following spells:

 Spells                   Type           Power      Damage    Failure   Level
 Freeze                   Ice            52%        1d7       4%          1
 Dazzling Flash           Conj/Hex       70%        N/A       2%          3
 Animate Skeleton         Necr           26%        N/A       4%          1
 Beastly Appendage        Tmut           26%        N/A       4%          1
 Pain                     Necr           52%        1d6       4%          1
 Summon Small Mammal      Summ           52%        N/A       4%          1
 Corpse Rot               Necr/Air       26%        N/A       7%          2
 Poisonous Vapours        Pois/Air       26%        N/A       7%          2
 Wereblood                Tmut           13%        N/A       7%          2
 Fulminant Prism          Conj/Hex       17%        3d11      8%          4
 Iskenderun's Mystic Bla  Conj/Tloc      35%        2d8       8%          4
 Call Canine Familiar     Summ           13%        N/A       14%         3
 Spider Form              Tmut/Pois      13%        N/A       14%         3
 Summon Guardian Golem    Hex/Summ       13%        N/A       14%         3
 Vampiric Draining        Necr           13%        2d6       14%         3
 Alistair's Intoxication  Tmut/Pois      8%         N/A       77%         5
 Borgnjor's Vile Clutch   Necr/Erth      6%         N/A       77%         5
 Eringya's Noxious Bog    Tmut/Pois      6%         N/A       100%        6


Dungeon Overview and Level Annotations

Branches:
Dungeon (8/15)             Temple (1/1) D:6
   Lair: D:8-11

Altars:
Cheibriados
Dithmenos
Fedhas
Gozag
Hepliaklqana
Kikubaaqudgha
Nemelex Xobeh
Okawaru
Ru
Sif Muna
Trog
Vehumet
Wu Jian
Xom
Yredelemnul
Zin
The Shining One

Shops:
D:6 (

Annotations:
D:7 2 transporters, WhatIsLove's ghost, novice DjCj


Innate Abilities, Weirdness & Mutations

You can breathe blasts of noxious fumes.
Your lurid green scales are hard. (AC +7)
You cannot fit into any form of body armour.
Your system is resistant to poisons. (rPois)
You are cold-blooded and may be slowed by cold attacks.


Message History

The boulder beetle leaps!
Casting: Searing Ray (safe; 1% risk of failure)
Confirm with . or Enter, or press ? or * to list all spells.
Restarting spell: Searing Ray (safe; 1% risk of failure)
Press: ? - help, Shift-Dir - straight line, f - orc warrior
Aim: an orc warrior, wielding a +0 war axe and wearing a +0 chain mail (81% to hit)
The searing ray hits the orc warrior!
The orc warrior is heavily wounded. (Press . to maintain the ray.)
Your surroundings suddenly seem different.
You have got your breath back.
Casting: Searing Ray (safe; 1% risk of failure)
Confirm with . or Enter, or press ? or * to list all spells.
Aiming: Searing Ray (safe; 1% risk of failure)
Press: ? - help, Shift-Dir - straight line, f/p - orc warrior
Aim: an orc warrior, wielding a +0 war axe and wearing a +0 chain mail (heavily wounded, 81% to hit)
The searing ray hits the orc wizard!
The orc wizard is almost dead.
The searing ray misses the orc warrior. (Press . to maintain the ray.)
The searing ray misses the orc wizard.
The searing ray hits the orc warrior.
The orc warrior is heavily wounded.
The orc wizard casts a spell at you. The puff of flame hits you.
* * * LOW HITPOINT WARNING * * *
The searing ray hits the orc wizard.
You kill the orc wizard!
Vehumet accepts your kill.
The searing ray hits the orc warrior.
The orc warrior is heavily wounded.
Casting: Searing Ray (safe; 1% risk of failure)
Confirm with . or Enter, or press ? or * to list all spells.
You don't have enough magic to cast this spell.
Casting: Searing Ray (safe; 1% risk of failure)
Confirm with . or Enter, or press ? or * to list all spells.
You don't know that spell.
Unknown command.
The orc warrior attacks as you move away!
The orc warrior hits you with a +0 war axe.
You die...

#.# .# #.#.##
#.########.# #.#<
#..........#####...
#.####.....B.....
#.# #.###)#####.
#.# #.###)## #..
#.##.).# #..
#....o.# #..
####.@.# #..#
#...........
.....#...######
###. ##.## .. #.#
.. ..# # #.# #..


You could see a boulder beetle and an orc warrior.

Vanquished Creatures
  Pikel (D:7)
  Sigmund (D:5)
  A water moccasin (D:6)
  2 ice beasts (D:6)
  A black bear (D:6)
  2 ogres
  A phantom (D:6)
  2 kobold brigands
  3 necrophages
  3 bullfrogs
  2 scorpions
  A howler monkey (D:4)
  Crazy Yiuf (D:3)
  4 orc priests
  4 hounds
  2 jellies
  7 iguanas
  7 orc wizards
  7 gnolls
  7 adders
  3 white imps
  A worm (D:3)
  3 dart slugs
  27 orcs
  5 ball pythons
  8 endoplasms
  2 giant cockroaches
  2 goblins (D:2)
  12 hobgoblins
  A jackal (D:1)
  9 quokkas
  6 bats
  3 frilled lizards
  17 kobolds
  5 rats
  A butterfly (D:6)
164 creatures vanquished.

Vanquished Creatures (others)
  4 plants (D:5)
4 creatures vanquished.

Grand Total: 168 creatures vanquished

Notes
Turn   | Place    | Note
-------+----------+-------------------------------------------
     0 | D:1      | Crownlay the Draconian Conjurer began the quest for the
                  | Orb.
     0 | D:1      | Reached XP level 1. HP: 14/14 MP: 3/3
   494 | D:1      | Reached XP level 2. HP: 20/20 MP: 3/5
   497 | D:1      | Learned a level 2 spell: Searing Ray
  1163 | D:2      | Found an iron altar of Okawaru.
  1576 | D:2      | Reached skill level 3 in Spellcasting
  1576 | D:2      | Reached XP level 3. HP: 26/26 MP: 4/7
  1819 | D:2      | Found a faded altar of an unknown god.
  1877 | D:2      | You fall into a shaft and drop 2 floors!
  2845 | D:2      | Reached XP level 4. HP: 33/33 MP: 9/9
  3009 | D:3      | Noticed a necrophage
  3026 | D:3      | Killed a necrophage
  3027 | D:3      | Reached skill level 4 in Spellcasting
  3027 | D:3      | Reached XP level 5. HP: 25/38 MP: 0/11
  3324 | D:3      | Identified the +7 dagger of Buhisy {holy, Contam rN+++
                  | Int+3 Stlth+}
  3427 | D:3      | Reached skill level 5 in Conjurations
  3913 | D:3      | Found a runed translucent door.
  3914 | D:3      | Noticed Crazy Yiuf
  4108 | D:3      | Killed Crazy Yiuf
  4332 | D:4      | Noticed an ogre
  4344 | D:4      | Killed an ogre
  4345 | D:4      | Reached skill level 5 in Spellcasting
  4345 | D:4      | Reached XP level 6. HP: 14/45 MP: 8/13
  5394 | D:4      | Your scales start taking on a lurid green colour.
  5394 | D:4      | Reached XP level 7. HP: 50/50 MP: 8/15
  5394 | D:4      | Gained mutation: Your system is resistant to poisons.
                  | (rPois) [Green Draconian growth]
  5637 | D:4      | Reached skill level 6 in Spellcasting
  5777 | D:5      | Entered Level 5 of the Dungeon
  6203 | D:5      | Noticed Sigmund
  6213 | D:5      | Killed Sigmund
  6810 | D:5      | Identified the +0 hand axe "Ilualimm" {spect, rPois rF-
                  | rN++ Will-}
  6945 | D:5      | Reached skill level 7 in Spellcasting
  7313 | D:6      | Reached XP level 8. HP: 57/57 MP: 12/19
  7870 | D:6      | Reached skill level 8 in Spellcasting
  8362 | D:6      | Found a staircase to the Ecumenical Temple.
  8379 | Temple   | Entered the Ecumenical Temple
  8428 | Temple   | Became a worshipper of Vehumet
  8768 | D:6      | Found Degihurch's Weapon Shoppe.
  9009 | D:7      | Noticed Pikel
  9019 | D:7      | Reached skill level 9 in Spellcasting
  9020 | D:7      | Killed Pikel
  9021 | D:7      | Reached XP level 9. HP: 14/62 MP: 3/22
  9495 | D:7      | Found an opulent altar of Gozag.
  9509 | D:7      | Found a shimmering altar of Xom.
  9835 | D:7      | Found a transporter.
  9835 | D:7      | Noticed WhatIsLove's ghost (novice DjCj)
  9857 | D:7      | Found a bloodstained altar of Trog.
  9868 | D:7      | Found an ornate altar of the Wu Jian Council.
  9880 | D:7      | Noticed a gargoyle
  9881 | D:7      | Noticed a manticore
  9992 | D:7      | Found a transporter.
 10501 | D:8      | Reached * piety under Vehumet
 10501 | D:8      | Offered knowledge of Freeze by Vehumet.
 10502 | D:8      | Reached skill level 10 in Spellcasting
 10773 | D:8      | Noticed a boulder beetle
 10799 | D:8      | Slain by an orc warrior

Illustrated notes

Levels and vault maps discovered:
D:1:      dpeg_arrival_brainrot, layout_basic
D:2:      layout_loops_ring, ebering_ecumenical_altar_sacrificial, basic_altar
D:3:      layout_basic, hangedman_feature_mirror, uniq_crazy_yiuf_cottage
D:4:      minmay_opposing_rooms, layout_loops_ring,
          hangedman_decor_clover_reticule, minmay_bent
D:5:      layout_basic, chequers_serial_rivers_large_b, serial_bayou_pond_e,
          st_stairs_7, uniq_sigmund
D:6:      wander_river, layout_basic, minmay_temple_entry_butterflies,
          serial_shops, kennysheep_little_box
D:7:      layout_basic, nicolae_overflow_quartered_altars,
          gammafunk_ghost_arena, uniq_pikel
D:8:      layout_loops_ring, uniq_joseph, uniq_erica, uniq_psyche
Temple:   regret_index_temple_mists

Skill      XL: |  1  2  3  4  5  6  7  8  9 |
---------------+----------------------------+-----
Spellcasting   | 3 4 5 7 9 10 | 10.1
Conjurations   | 5 6 8 |  8.6
Dodging        | |  1.7
Stealth        | |  1.7

Action                   |  1- 3 |  4- 6 |  7- 9 || total
-------------------------+-------+-------+-------++-------
Melee: Short sword       |     7 |       |       ||     7
       Tailslap          |     1 |     8 |     1 ||    10
       Whip              |    21 |       |       ||    21
       Dagger            |       |    69 |    38 ||   107
       Punch             |       |     3 |       ||     3
 Cast: Magic Dart        |    69 |    33 |   119 ||   221
       Searing Ray       |     3 |    10 |    44 ||    57
 Abil: Breathe Noxious F |       |       |     2 ||     2
Evoke: Wand              |       |       |     2 ||     2
  Use: Scroll            |       |     3 |     4 ||     7
 Stab: Sleeping          |     1 |     2 |     1 ||     4
Armor: Skin              |    16 |    21 |    48 ||    85
Dodge: Dodged            |    24 |    47 |    65 ||   136

Table legend: (Time is in decaauts)
 A = Elapsed time spent in this place.
 B = Non-inter-level travel time spent in this place.
 C = Inter-level travel time spent in this place.
 D = Time resting spent in this place.
 E = Time spent auto-exploring this place.
 F = Levels seen in this place.
 G = Mean time per level.
                   A        B        C        D        E       F      G
               +--------+--------+--------+--------+--------+-----+--------+
         Total |  10798 |  10539 |    259 |      0 |   9444 |   9 | 1199.8 |
       Dungeon |  10729 |  10490 |    239 |      0 |   9411 |   8 | 1341.1 |
        Temple |     69 |     49 |     20 |      0 |     33 |   1 |   69.0 |
               +--------+--------+--------+--------+--------+-----+--------+

Top non-repeatable levels by time:
     D:3: 1673 daAuts
     D:4: 1668 daAuts
     D:6: 1647 daAuts
     D:5: 1485 daAuts
     D:7: 1483 daAuts
     D:2: 1273 daAuts
     D:1: 1162 daAuts
     D:8: 334 daAuts
  Temple: 69 daAuts
